AoeStats
← xXRedHoodXx

Arabia

510820314Analyzed
4v4 RM · 10h ago on Oct 2, 2026· 44m 41s· 8 players
Game mode
Random Map
Map size
Large (8 player)
Population
200
Speed
Normal
Resources
Standard
Victory
Conquest
Starting age
Dark Age
Ending age
Imperial Age
RankedLock teamsTeams togetherTeam positionsShared explorationLock speedFull tech treeHidden civsTurbo modeCheats
Victory
Defeat
🇺🇸 Franks · United States
1100
+14
🇺🇸 Koreans · United States
1047
+16
🇲🇽 Huns · Mexico
1016
+17
🇺🇸 Malians · United States
940
+20
🇧🇴 Ethiopians · Bolivia
1072
-18
🇺🇸 Mongols · United States
1066
-18
🇫🇷 Britons · France
1025
-16
🇧🇷 Varangians · Brazil
990
-15
NoLawsClaws
8:43 Loom
11:11 Feudal Age
12:46 Double-Bit Axe
12:53 Stone Mining
12:54 Gold Mining
19:33 Castle Age
23:20 Bow Saw
23:46 Gold Shaft Mining
26:35 Forging
26:31 Scale Barding Armor
27:04 Husbandry
28:59 Iron Casting
28:45 Chain Barding Armor
29:15 Fortified Wall
30:25 Wheelbarrow
30:35 Murder Holes
31:20 Fletching
35:08 Imperial Age
32:57 Hand Cart
35:02 Bodkin Arrow
35:16 Cavalier
37:00 Blast Furnace
36:35 Plate Barding Armor
36:36 Conscription
36:18 Chivalry
39:08 Paladin
The Lemons
1:30 Loom
11:21 Feudal Age
18:06 Fletching
27:34 Castle Age
28:33 Bodkin Arrow
34:39 Double-Bit Axe
36:14 Murder Holes
36:46 Masonry
40:12 Scale Mail Armor
40:18 Scale Barding Armor
40:25 Forging
Dragonfire_bane
1:08 Loom
10:39 Feudal Age
13:38 Wheelbarrow
21:38 Gold Mining
25:31 Castle Age
24:22 Fletching
24:50 Forging
26:41 Fletching
xXRedHoodXx
11:29 Feudal Age
13:24 Loom
16:18 Castle Age
17:27 Double-Bit Axe
24:35 Bow Saw
25:01 Horse Collar
33:00 Imperial Age
31:06 Wheelbarrow
30:47 Scale Barding Armor
30:52 Forging
31:48 Gold Mining
31:48 Stone Mining
32:06 Marauders
33:06 Gold Shaft Mining
32:49 Hand Cart
33:09 Chain Barding Armor
33:24 Iron Casting
34:15 Conscription
34:19 Husbandry
34:30 Bloodlines
34:41 Heavy Plow
34:19 Elite Tarkan
37:05 Plate Barding Armor
37:30 Blast Furnace
36:33 Cavalier
39:21 Town Watch
39:45 Paladin
44:24 Scale Mail Armor
tommy bobbins
9:55 Feudal Age
11:50 Loom
15:37 Castle Age
13:25 Double-Bit Axe
13:53 Horse Collar
16:49 Bow Saw
18:58 Heavy Plow
21:25 Wheelbarrow
21:34 Stone Mining
24:04 Gold Mining
25:24 Gold Shaft Mining
25:25 Stone Shaft Mining
25:19 Fletching
25:33 Husbandry
25:44 Bloodlines
26:52 Ballistics
27:22 Hand Cart
31:30 Imperial Age
29:40 Bodkin Arrow
29:47 Murder Holes
30:42 Padded Archer Armor
32:03 Leather Archer Armor
31:42 Elite Mangudai
32:43 Conscription
33:08 Bloodlines
34:23 Capped Ram
35:07 Bracer
35:32 Drill
35:44 Thumb Ring
36:48 Chemistry
38:08 Siege Engineers
38:13 Masonry
40:42 Parthian Tactics
rafaelchaves
7:53 Loom
11:54 Feudal Age
13:09 Double-Bit Axe
14:46 Forging
20:53 Castle Age
19:44 Forging
20:16 Scale Barding Armor
22:54 Gold Mining
27:01 Fletching
27:46 Iron Casting
28:34 Wheelbarrow
27:45 Town Watch
29:14 Bodkin Arrow
32:13 Chain Barding Armor
33:02 Padded Archer Armor
35:59 Imperial Age
36:45 Cavalier
37:25 Husbandry
37:36 Bloodlines
38:38 Blast Furnace
Icenain
5:21 Loom
10:23 Feudal Age
11:14 Double-Bit Axe
11:22 Gold Mining
15:31 Fletching
15:42 Padded Archer Armor
16:41 Horse Collar
22:29 Castle Age
24:02 Bodkin Arrow
24:23 Leather Archer Armor
24:46 Crossbowman
27:47 Gold Shaft Mining
31:55 Ballistics
34:00 Wheelbarrow
35:31 Hand Cart
45:31 Imperial Age
EXILS_FERNANDO
7:27 Loom
9:34 Feudal Age
10:44 Double-Bit Axe
12:08 Fletching
14:59 Padded Archer Armor
22:33 Castle Age
20:51 Gold Mining
20:48 Horse Collar
22:00 Scale Barding Armor
22:19 Forging
23:42 Wheelbarrow
24:26 Bow Saw
24:26 Crossbowman
25:26 Bodkin Arrow
29:48 Heavy Plow
30:35 Leather Archer Armor
32:46 Town Watch
33:42 Thumb Ring
33:41 Husbandry
35:19 Chain Barding Armor
36:10 Gold Shaft Mining
36:21 Gold Shaft Mining
36:53 Iron Casting
43:12 Scale Mail Armor
47:25 Imperial Age
Connection lost

Rejoining the realm…

Still unreachable

The connection could not be restored.

Session expired

The server has moved on; the page needs a fresh start.